 Dungeon Crawl Stone Soup version 0.19-a0-1035-gdbfb0c6 (webtiles) character file.

90 UltraSvitz the Chopper (level 4, -1/39 HPs)
             Began as a Minotaur Berserker on July 30, 2016.
             Was a Priest of Trog.
             Slain by a goblin
             ... wielding a cursed +0 dagger
             ... led by Robin
              (6 damage)
             ... on level 2 of the Dungeon.
             The game lasted 00:04:46 (1016 turns).

UltraSvitz the Chopper (Minotaur Berserker)         Turns: 1016, Time: 00:04:48

Health: -1/39      AC:  2    Str: 23    XL:     4   Next: 32%
Magic:  3/3        EV: 12    Int:  4    God:    Trog [***...]
Gold:   64         SH:  0    Dex:  9    Spells: 0 memorised, 3 levels left

rFire  . . .     SeeInvis .     a - +0 hand axe
rCold  . . .     Gourm    .     b - +0 animal skin
rNeg   . . .     Faith    .     (no shield)
rPois  .         Spirit   .     (helmet restricted)
rElec  .         Dismiss  .     (no cloak)
rCorr  .         Reflect  .     (no gloves)
SustAt .         Harm     .     (no boots)
MR     .....                    (no amulet)
Stlth  +.........               (no ring)
                                (no ring)

@: not resistant to hostile enchantments, very unstealthy
A: retaliatory headbutt, horns 2
a: Berserk, Trog's Hand, Burn Spellbooks, Renounce Religion


You were on level 2 of the Dungeon.
You worshipped Trog.
Trog was most pleased with you.
You were not hungry.

You visited 1 branch of the dungeon, and saw 2 of its levels.

You collected 64 gold pieces.

Inventory:

Hand Weapons
 a - a +0 hand axe (weapon)
Armour
 b - a +0 animal skin (worn)
Jewellery
 e - an uncursed ring of protection from fire {unknown}
Scrolls
 k - a scroll of remove curse {unknown}
Potions
 d - a potion of cancellation {unknown}
 g - 2 potions of flight
 h - 2 potions of might
 i - 2 potions of degeneration {unknown}
 j - a potion of curing {unknown}
 l - a potion of brilliance {unknown}
Comestibles
 c - 2 bread rations
 f - a meat ration


   Skills:
 - Level 3.6 Fighting
 + Level 6.2 Axes
 - Level 2.4 Armour
 - Level 2.1 Dodging


You had 3 spell levels left.
You didn't know any spells.

Dungeon Overview and Level Annotations

Branches:
Dungeon (2/15)

Altars:


Innate Abilities, Weirdness & Mutations

You reflexively headbutt those who attack you in melee.
You have a pair of horns on your head.


Message History

Trog accepts your kill.
You hit the goblin. You hit Robin. The hobgoblin closely misses you.
You furiously retaliate!
You headbutt the hobgoblin!
You kill the hobgoblin!
Trog accepts your kill. The goblin hits you.
You barely miss Robin.
Robin is almost dead.
You hit the goblin.
You kill the goblin!
Trog accepts your kill.
You barely miss the hobgoblin. Robin hits you with a club.
* * * LOW HITPOINT WARNING * * *
You hit Robin.
You kill Robin!
Trog accepts your kill.
You hit the hobgoblin. The hobgoblin hits you with a club.
* * * LOW HITPOINT WARNING * * *
The goblin hits you with a dagger.
You die...

##.#...####
##.##....
#..)..)...#
.###...
#.###)###.####
.. .... #.#
/.[) ...## #.#
... #.##.#.##
..... .. ###
#.#..... ......
#.#######......
#......(.......
#####.!@g......
#.)g.......
##.........
#.........
..!.......
#.......%..
#..........
#..........


You could see a hobgoblin and a goblin.

Vanquished Creatures
  Robin (D:2)
  A gnoll (D:1)
  An ooze (D:2)
  A worm (D:2)
  2 dart slugs (D:1)
  2 giant geckos (D:2)
  2 giant cockroaches (D:1)
  12 goblins
  6 hobgoblins (D:2)
  2 jackals (D:1)
  7 kobolds
  A quokka (D:2)
  7 bats
  3 giant newts (D:1)
  4 rats
52 creatures vanquished.

Notes
Turn   | Place    | Note
-------+----------+-------------------------------------------
     0 | D:1      | UltraSvitz the Minotaur Berserker began the quest for the Orb.
     0 | D:1      | Reached XP level 1. HP: 19/19 MP: 0/0
   101 | D:1      | Reached skill level 4 in Axes
   114 | D:1      | Reached XP level 2. HP: 23/26 MP: 1/1
   378 | D:1      | Reached ** piety under Trog
   404 | D:1      | Reached skill level 5 in Axes
   421 | D:1      | Reached XP level 3. HP: 13/31 MP: 2/2
   995 | D:2      | Reached XP level 4. HP: 29/39 MP: 3/3
  1008 | D:2      | Noticed Robin
  1010 | D:2      | Reached skill level 6 in Axes
  1016 | D:2      | Killed Robin
  1016 | D:2      | Reached *** piety under Trog
  1016 | D:2      | Slain by a goblin

Vault maps used:
D:1:      lemuel_arrival_muddy, st_stairs_7, minmay_pentomino_o4
D:2:      lemuel_coloured_pillars_altar, lemuel_zombie_altar_kikubaaqudgha,
          minmay_split_cup_large, uniq_robin

Skill      XL: |  1  2  3  4 |
---------------+-------------+-----
Axes           | 4 5 6 |  6.2
Fighting       | |  3.6
Armour         | |  2.4
Dodging        | |  2.1

Action                   |  1- 3 |  4- 6 || total
-------------------------+-------+-------++-------
Melee: Hand axe          |    70 |     7 ||    77
       Headbutt          |    12 |     2 ||    14
  Use: Scroll            |     2 |       ||     2
 Stab: Sleeping          |     1 |       ||     1
Armor: Animal skin       |    11 |       ||    11
Dodge: Dodged            |    48 |     9 ||    57
